 Dungeon Crawl Stone Soup version 0.21-a0-352-g5b8f553 (webtiles) character file.

26 Chizzley the Magician (level 3, 0/31 HPs)
             Began as a Gnoll Wanderer on Oct 11, 2017.
             Slain by a kobold (2 damage)
             ... on level 1 of the Dungeon.
             The game lasted 00:01:15 (481 turns).

Chizzley the Magician (Gnoll Wanderer)               Turns: 481, Time: 00:01:15

Health: 0/31       AC:  2    Str: 15    XL:     3   Next: 8%
Magic:  8/9        EV: 11    Int: 18    God:
Gold:   31         SH:  0    Dex: 15    Spells: 11/12 levels left

rFire    . . .     SeeInvis .   b - +0 quarterstaff
rCold    . . .     Gourm    .   (shield currently unavailable)
rNeg     . . .     Faith    .   d - +0 robe
rPois    .         Spirit   .   (no helmet)
rElec    .         Reflect  .   (no cloak)
rCorr    .         Harm     .   (no gloves)
MR       .....                  (boots currently unavailable)
Stlth    ++........             (no amulet)
HPRegen  0.10/turn              (no ring)
MPRegen  0.11/turn              (no ring)

@: brilliant, appendage (expiring)
A: distributed training, fangs 1, talons 3, strong nose
a: End Transformation


You were on level 1 of the Dungeon.
You were not hungry.
You had grown temporary talons.
You visited 1 branch of the dungeon, and saw 1 of its levels.

You collected 31 gold pieces.

Inventory:

Hand Weapons
 b - a +0 quarterstaff (weapon)
Armour
 d - a +0 robe (worn)
Scrolls
 e - a scroll of remove curse {unknown}
Books
 a - a book of Changes

   Spells                             Type                      Level
   a - Beastly Appendage              Transmutation                1
   b - Sticks to Snakes               Transmutation                2
   c - Spider Form                    Transmutation/Poison         3
   d - Ice Form                       Ice/Transmutation            4
   e - Blade Hands                    Transmutation                5
 c - Vaiqis's Compendium of Intoxication

   Spells                             Type                      Level
   a - Sting                          Conjuration/Poison           1
   b - Spider Form                    Transmutation/Poison         3
Comestibles
 f - 2 bread rations
 g - a royal jelly


   Skills:
 + Level 4.5 Fighting
 + Level 0.6 Short Blades
 + Level 4.5 Long Blades
 + Level 0.6 Axes
 + Level 0.6 Maces & Flails
 + Level 0.6 Polearms
 + Level 0.6 Staves
 + Level 0.6 Slings
 + Level 0.6 Bows
 + Level 0.6 Crossbows
 + Level 2.5 Throwing
 + Level 0.6 Armour
 + Level 0.6 Dodging
 + Level 2.3 Stealth
 + Level 2.5 Shields
 + Level 0.6 Unarmed Combat
 + Level 5.0 Spellcasting
 + Level 0.6 Conjurations
 + Level 0.6 Hexes
 + Level 0.6 Charms
 + Level 0.6 Summonings
 + Level 0.6 Necromancy
 + Level 0.6 Translocations
 + Level 2.5 Transmutations
 + Level 0.6 Fire Magic
 + Level 0.6 Ice Magic
 + Level 0.6 Air Magic
 + Level 0.6 Earth Magic
 + Level 0.6 Poison Magic
 + Level 0.6 Invocations
 + Level 0.6 Evocations


You had 11 spell levels left.
You knew the following spells:

 Your Spells              Type           Power        Failure   Level  Hunger
a - Beastly Appendage     Tmut           ###...       1%          1    None


Dungeon Overview and Level Annotations

Branches:
Dungeon (1/15)

Altars:


Innate Abilities, Weirdness & Mutations

Your experience applies equally to all skills.
You have very sharp teeth.
Your uncanny sense of smell can sniff out nearby items.
You have claws for feet.


Message History

Your bite misses the ball python.
The ball python is severely wounded.
The ball python bites you.
* * * LOW HITPOINT WARNING * * *
The ball python constricts you.
Unknown command.
You hit the ball python.
You kill the ball python!
The frilled lizard bites you.
* * * LOW HITPOINT WARNING * * *
Unknown command.
You sock the frilled lizard!
You kill the frilled lizard!
Your Spellcasting skill increases to level 5!
Your transformation is almost over.
The kobold closely misses you.
It was a potion of brilliance.
You feel clever all of a sudden. The kobold hits you.
You die...

.......#+####..#(.†.(.†...#
..........................+
.....(........#...........#
..(................########
......##+#########.# ).....#
#######.######## ...[..#
................ . .......#
#########.#########.#
................@Kg..........
.......######..###........#
####.... .... #........# ###
.... .... #........# ... ...
... #........# ### ..
#..†.....# . #......?.# ...
#........... #..
##............


You could see a hobgoblin and a kobold.

Vanquished Creatures
  An ooze (D:1)
  2 leopard geckos (D:1)
  3 giant cockroaches (D:1)
  2 goblins (D:1)
  2 hobgoblins (D:1)
  A ball python (D:1)
  4 bats (D:1)
  A frilled lizard (D:1)
  3 kobolds (D:1)
  A rat (D:1)
20 creatures vanquished.

Notes
Turn   | Place    | Note
-------+----------+-------------------------------------------
     0 | D:1      | Chizzley the Gnoll Wanderer began the quest for the Orb.
     0 | D:1      | Chizzley set off with: a book of Changes, a +0 quarterstaff, Vaiqis's Compendium of Intoxication, a +0 robe, a bread ration
     0 | D:1      | Reached XP level 1. HP: 20/20 MP: 6/6
     0 | D:1      | Identified Vaiqis's Compendium of Intoxication
     2 | D:1      | Learned a level 1 spell: Beastly Appendage
   101 | D:1      | Reached XP level 2. HP: 8/26 MP: 5/7
   476 | D:1      | Reached XP level 3. HP: 7/31 MP: 7/9
   480 | D:1      | Reached skill level 5 in Spellcasting
   481 | D:1      | Slain by a kobold

Vault maps used:
D:1:      dpeg_arrival_windows_large_door, grunt_decor_one_mirror

Skill      XL: |  1  2  3 |
---------------+----------+-----
Spellcasting   | 5 |  5.0
Fighting       | |  4.5
Short Blades   | |  0.6
Long Blades    | |  4.5
Axes           | |  0.6
Maces & Flails | |  0.6
Polearms       | |  0.6
Staves         | |  0.6
Slings         | |  0.6
Bows           | |  0.6
Crossbows      | |  0.6
Throwing       | |  2.5
Armour         | |  0.6
Dodging        | |  0.6
Stealth        | |  2.3
Shields        | |  2.5
Unarmed Combat | |  0.6
Conjurations   | |  0.6
Hexes          | |  0.6
Charms         | |  0.6
Summonings     | |  0.6
Necromancy     | |  0.6
Translocations | |  0.6
Transmutations | |  2.5
Fire Magic     | |  0.6
Ice Magic      | |  0.6
Air Magic      | |  0.6
Earth Magic    | |  0.6
Poison Magic   | |  0.6
Invocations    | |  0.6
Evocations     | |  0.6

Action                   || total
-------------------------++-------
Melee: Quarterstaff      ||    40
       Bite              ||     2
       Kick              ||     2
       Headbutt          ||     1
 Cast: Beastly Appendage ||     7
  Use: Potion            ||     1
Armor: Robe              ||     8
Dodge: Dodged            ||    45

Table legend:
 A = Spawn XP
 B = Non-spawn XP
 C = Spawn XP percentage of total XP
 D = Spawn monster count
 E = Non-spawn monster count
 F = Spawn count percentage of total count
 G = Total turns spent on level
                    A         B        C        D         E        F      G
               +---------+---------+-------+---------+---------+-------+---------
         Total |       0 |      38 |   0.0 |       0 |      20 |   0.0 |   481
               +---------+---------+-------+---------+---------+-------+---------
           D:1 |       0 |      38 |   0.0 |       0 |      20 |   0.0 |   481
               +---------+---------+-------+---------+---------+-------+---------
